 Dungeon Crawl Stone Soup version 0.21.1-1-g345015f (webtiles) character file.

9761 kae the Martial Artist (level 11, -2/84 HPs)
             Began as a Demonspawn Transmuter on May 25, 2018.
             Was an Elder of Wu Jian.
             Slain by an unseen horror (7 damage)
             ... on level 11 of the Dungeon.
             The game lasted 00:13:34 (13320 turns).

kae the Martial Artist (Demonspawn Transmuter)     Turns: 13320, Time: 00:13:34

Health: -2/84      AC:  4    Str: 10    XL:     11   Next: 27%
Magic:  0/21       EV: 16    Int: 14    God:    Wu Jian [****..]
Gold:   755        SH:  0    Dex: 24    Spells: 8/23 levels left

rFire    . . .     SeeInvis .     - Unarmed
rCold    . . .     Gourm    +   (shield currently unavailable)
rNeg     . . .     Faith    .   C - +0 troll leather armour
rPois    .         Spirit   +   (helmet restricted)
rElec    .         Reflect  .   (no cloak)
rCorr    .         Harm     .   (gloves unavailable)
MR       .....                  (boots unavailable)
Stlth    ++........             j - amulet of the gourmand
HPRegen  0.64/turn              f - +6 ring of dexterity
MPRegen  0.34/turn              l - +4 ring of evasion

@: blade hands (expiring)
A: claws 3, horns 1, talons 3, magic shield, magic regeneration
a: End Transformation, Wall Jump, Serpent's Lash, Renounce Religion


You were on level 11 of the Dungeon.
You worshipped Wu Jian.
Wu Jian was greatly pleased with you.
You were very full.
You had blades for hands.
You visited 2 branches of the dungeon, and saw 12 of its levels.

You collected 755 gold pieces.

Inventory:

Missiles
 a - 179 arrows
Armour
 b - a +0 robe
 p - a +0 pair of gloves
 C - a +0 troll leather armour (worn)
Jewellery
 f - a +6 ring of dexterity (left scythe-like blade)
 j - an amulet of the gourmand (around neck)
 l - a +4 ring of evasion (right scythe-like blade)
 t - an uncursed ring of stealth
 u - an uncursed ring of protection from magic
 v - an uncursed ring of ice
Wands
 e - a wand of disintegration (10)
 x - a wand of flame (15)
 y - a wand of polymorph (13)
 D - a wand of digging (17)
Scrolls
 g - 6 scrolls of remove curse
 o - 9 scrolls of teleportation
 r - 3 scrolls of magic mapping
 w - 6 scrolls of immolation
 B - a scroll of vulnerability
 E - a scroll of enchant weapon
 G - 2 scrolls of identify
 I - a scroll of torment {unknown}
Potions
 h - 3 potions of berserk rage
 i - 3 potions of brilliance
 k - a potion of lignification
 m - 3 potions of heal wounds
 n - 2 potions of invisibility
 q - 2 potions of magic
 s - 2 potions of haste
 z - 3 potions of curing
 F - a potion of cancellation {unknown}
Books
 c - a book of Changes

   Spells                             Type                      Level
   a - Beastly Appendage              Transmutation                1
   b - Sticks to Snakes               Transmutation                2
   c - Spider Form                    Transmutation/Poison         3
   d - Ice Form                       Ice/Transmutation            4
   e - Blade Hands                    Transmutation                5
 A - a book of Frost

   Spells                             Type                      Level
   a - Freeze                         Ice                          1
   b - Throw Frost                    Conjuration/Ice              2
   c - Ozocubu's Armour               Charms/Ice                   3
   d - Throw Icicle                   Conjuration/Ice              4
   e - Summon Ice Beast               Ice/Summoning                4
 H - a book of Enchantments

   Spells                             Type                      Level
   a - Cause Fear                     Hexes                        4
   b - Yara's Violent Unravelling     Hexes/Transmutation          5
   c - Silence                        Hexes/Air                    5
   d - Deflect Missiles               Charms/Air                   6
   e - Discord                        Hexes                        8
Comestibles
 d - 26 rations


   Skills:
 + Level 7.1 Fighting
 + Level 2.7 Armour
 - Level 1.7 Dodging
 * Level 9.7 Unarmed Combat
 + Level 6.8 Spellcasting
 * Level 9.5 Transmutations


You had 8 spell levels left.
You knew the following spells:

 Your Spells              Type           Power        Failure   Level  Hunger
a - Beastly Appendage     Tmut           ####..       11%         1    None
b - Sticks to Snakes      Tmut           ####....     12%         2    #......
c - Spider Form           Tmut/Pois      ###.......   41%         3    ##.....
d - Blade Hands           Tmut           ####......   47%         5    ######.
e - Ice Form              Ice/Tmut       ###.....     69%         4    ####...


Dungeon Overview and Level Annotations

Branches:
Dungeon (11/15)            Temple (1/1) D:6             Orc (0/2) D:10
   Lair: D:8-11

Altars:
Ashenzari
Cheibriados
Dithmenos
Elyvilon
Fedhas
Gozag
Hepliaklqana
Kikubaaqudgha
Makhleb
Nemelex Xobeh
Okawaru
Qazlal
Ru
Sif Muna
Trog
Uskayaw
Vehumet
Wu Jian
Xom
Yredelemnul
Zin
The Shining One

Shops:
D:8 (

Annotations:
D:5 kalagan's ghost, amateur DESu
D:9 exclusion: ice statue


Innate Abilities, Weirdness & Mutations

You have claws for hands.
You have a pair of small horns on your head.
You have claws for feet.
When hurt, damage is shared between your health and your magic reserves.
You regenerate magic rapidly.


Message History

You spin and attack the yak repeatedly.
You hit the yak but do no damage. You claw the yak.
The yak is almost dead.
You hit the yak.
You kill the yak!
The Council accepts your kill.
You spin and attack the yak.
You completely miss the yak.
The yak is severely wounded.
Something barely misses you. The yak gores you!
* * * LOW HITPOINT WARNING * * *
You spin and attack the bullfrog.
You slash the bullfrog!
You kill the bullfrog!
The Council accepts your kill.
You spin and attack the yak repeatedly.
You slash the yak!
The yak is almost dead.
You barely miss the yak.
You kill the yak!
The Council accepts your kill. Something hits you!
You die...

######.........#.#
.......#..............'.#
.......#...<..........#.#
.......#............(.#.#
.......#..............#.##
.......#..............#...
.......########'###+###...
........†.................
#......†@...............#
#.......................#
#.............>.........#
#.......................#
#...........#############
######......# ########


There were no monsters in sight!

Vanquished Creatures
  Harold (D:10)
  A two-headed ogre (D:9)
  A manticore (D:11)
  A centaur zombie (D:10)
  2 trolls (D:10)
  3 hippogriffs
  A spriggan (D:7)
  The ghost of Rekenzichi the Covert, an amateur SpAs (D:4)
  5 yaks (D:11)
  2 black bears
  2 sky beasts
  4 phantoms
  An eye of draining (D:10)
  An ice beast (D:10)
  2 ogres
  10 orc warriors
  A necrophage (D:8)
  3 centaurs
  4 big kobolds
  A gnoll sergeant (D:10)
  10 bullfrogs
  A wyvern zombie (D:6)
  5 scorpions
  5 wights (D:10)
  A howler monkey (D:5)
  3 electric eels (D:10)
  5 crimson imps
  7 hounds
  10 orc priests
  A centaur skeleton (D:4)
  2 iguanas
  11 orc wizards
  10 worker ants
  2 hound zombies (D:3)
  2 hound skeletons
  Robin (D:3)
  7 gnolls
  A howler monkey skeleton (D:8)
  7 adders
  A shadow imp (D:8)
  An ooze (D:3)
  2 adder zombies
  2 adder skeletons
  2 worms
  2 dart slugs
  10 leopard geckos
  68 orcs
  6 giant cockroaches
  17 goblins
  13 hobgoblins
  9 jackals
  5 quokkas
  11 bats
  7 frilled lizards
  22 kobolds
  A leopard gecko skeleton (D:3)
  A leopard gecko zombie (D:6)
  10 rats
328 creatures vanquished.

Vanquished Creatures (others)
  A centaur (D:6)
  A gnoll (D:10)
  An orc (D:10)
3 creatures vanquished.

Grand Total: 331 creatures vanquished

Notes
Turn   | Place    | Note
-------+----------+-------------------------------------------
     0 | D:1      | kae the Demonspawn Transmuter began the quest for the Orb.
     0 | D:1      | Reached XP level 1. HP: 15/15 MP: 3/3
   356 | D:1      | Gained mutation: When hurt, damage is shared between your health and your magic reserves. [demonic ancestry]
   356 | D:1      | Reached XP level 2. HP: 21/21 MP: 5/5
  1144 | D:2      | Learned a level 2 spell: Sticks to Snakes
  1168 | D:2      | Gained mutation: You have a pair of small horns on your head. [demonic ancestry]
  1168 | D:2      | Reached XP level 3. HP: 21/26 MP: 4/6
  2153 | D:3      | Gained mutation: You have sharp toenails. [demonic ancestry]
  2153 | D:3      | Reached XP level 4. HP: 18/33 MP: 3/7
  2349 | D:3      | Found a shattered altar of Ashenzari.
  2480 | D:3      | Gained mutation: You have razor-sharp toenails. [demonic ancestry]
  2480 | D:3      | Reached XP level 5. HP: 37/38 MP: 7/9
  2647 | D:3      | Learned a level 3 spell: Spider Form
  2757 | D:3      | Noticed Robin
  2767 | D:3      | Killed Robin
  3178 | D:4      | Found a sparkling altar of Nemelex Xobeh.
  3328 | D:4      | Noticed Rekenzichi's ghost (amateur SpAs)
  3377 | D:4      | Killed Rekenzichi's ghost
  3377 | D:4      | Gained mutation: You have claws for feet. [demonic ancestry]
  3377 | D:4      | Reached XP level 6. HP: 35/46 MP: 7/10
  4061 | D:5      | Entered Level 5 of the Dungeon
  4250 | D:5      | Noticed a hippogriff
  4279 | D:5      | Killed a hippogriff
  4279 | D:5      | Reached skill level 5 in Unarmed Combat
  4279 | D:5      | Gained mutation: You have sharp fingernails. [demonic ancestry]
  4279 | D:5      | Reached XP level 7. HP: 22/52 MP: 4/12
  4772 | D:5      | Noticed kalagan's ghost (amateur DESu)
  5661 | D:6      | Reached skill level 5 in Transmutations
  5997 | D:6      | Found a staircase to the Ecumenical Temple.
  6020 | D:6      | Gained mutation: You have very sharp fingernails. [demonic ancestry]
  6020 | D:6      | Reached XP level 8. HP: 59/59 MP: 13/13
  6034 | Temple   | Entered the Ecumenical Temple
  6129 | Temple   | Became a worshipper of the Wu Jian Council
  6224 | D:6      | Found an opulent altar of Gozag.
  6827 | D:6      | You fall through a shaft!
  6927 | D:6      | Found a radiant altar of Vehumet.
  6936 | D:6      | Found a bloodstained altar of Trog.
  6936 | D:6      | Found a stormy altar of Qazlal.
  6938 | D:6      | Found a burning altar of Makhleb.
  6938 | D:6      | Found an opulent altar of Gozag.
  6938 | D:6      | Found a shimmering altar of Xom.
  7121 | D:7      | Found a radiant altar of Vehumet.
  7589 | D:7      | Reached * piety under Wu Jian
  7848 | D:7      | Noticed a hippogriff
  7883 | D:7      | Killed a hippogriff
  7883 | D:7      | Gained mutation: You have claws for hands. [demonic ancestry]
  7883 | D:7      | Reached XP level 9. HP: 28/66 MP: 6/16
  8327 | D:7      | Reached skill level 5 in Spellcasting
  8424 | D:7      | Reached skill level 5 in Fighting
  8566 | D:8      | Found Looda's Weapon Boutique.
  9047 | D:8      | Reached ** piety under Wu Jian
  9797 | D:9      | Noticed an ice statue
  9828 | D:9      | Noticed a two-headed ogre
  9836 | D:9      | Killed a two-headed ogre
  9836 | D:9      | Gained mutation: You regenerate magic rapidly. [demonic ancestry]
  9836 | D:9      | Reached XP level 10. HP: 13/76 MP: 4/18
 10192 | D:9      | Found a stormy altar of Qazlal.
 10192 | D:9      | Found a sacrificial altar of Ru.
 10432 | D:9      | Learned a level 5 spell: Blade Hands
 10437 | D:9      | Learned a level 4 spell: Ice Form
 11059 | D:10     | Entered Level 10 of the Dungeon
 11275 | D:10     | Reached *** piety under Wu Jian
 12044 | D:10     | Reached skill level 1 in Armour
 12147 | D:10     | Found a staircase to the Orcish Mines.
 12513 | D:10     | Noticed Harold
 12523 | D:10     | Killed Harold
 12523 | D:10     | Reached XP level 11. HP: 79/83 MP: 20/20
 13009 | D:11     | Reached **** piety under Wu Jian
 13319 | D:11     | HP: 4/84 [yak (9)]
 13320 | D:11     | Slain by an unseen horror

Skill      XL: |  1  2  3  4  5  6  7  8  9 10 11 |
---------------+----------------------------------+-----
Transmutations | 2 3 4 5 6 8 9 |  9.5
Unarmed Combat | 3 4 5 6 8 9 |  9.7
Fighting       | 2 3 4 5 6 7 |  7.1
Spellcasting   | 3 4 5 6 |  6.8
Armour         | 2 |  2.7
Dodging        | |  1.7

Action                   |  1- 3 |  4- 6 |  7- 9 | 10-12 || total
-------------------------+-------+-------+-------+-------++-------
Melee: Unarmed           |   163 |   260 |   383 |   293 ||  1099
       Headbutt          |    16 |    59 |    76 |    60 ||   211
       Kick              |     4 |    22 |   122 |    97 ||   245
       Punch             |     2 |     2 |    14 |    11 ||    29
 Cast: Beastly Appendage |    12 |       |       |       ||    12
       Spider Form       |       |     1 |     1 |       ||     2
       Ice Form          |       |       |       |     3 ||     3
       Blade Hands       |       |       |       |     1 ||     1
Invok: Lunge             |       |       |    20 |    24 ||    44
       Whirlwind         |       |       |     2 |    19 ||    21
       Wall Jump         |       |       |       |    10 ||    10
       Serpent's Lash    |       |       |       |     2 ||     2
  Use: Scroll            |     5 |     8 |     6 |     3 ||    22
       Potion            |       |     1 |     3 |       ||     4
 Stab: Sleeping          |       |     4 |     7 |       ||    11
  Eat: Chunk             |     4 |    12 |    22 |    12 ||    50
Armor: Robe              |    37 |    46 |    15 |     2 ||   100
       Skin              |       |     1 |    24 |     5 ||    30
       Troll leather arm |       |       |       |    20 ||    20
Dodge: Dodged            |    91 |   224 |   234 |   170 ||   719
